 Dungeon Crawl Stone Soup version 0.29.0-5-ge4962eb29e (webtiles) character file.

Game seed: 3746388516659649426

63663 ragingrage the Severer (level 14, 0/140 HPs)
             Began as a Minotaur Gladiator on Aug 30, 2022.
             Was the Champion of Okawaru.
             Splashed by a brown ugly thing's acid (8 damage)
             ... on level 14 of the Dungeon.
             The game lasted 00:26:57 (28199 turns).

ragingrage the Severer (Minotaur Gladiator)        Turns: 28199, Time: 00:26:58

Health: 0/140      AC: 18    Str: 25    XL:     14   Next: 68%
Magic:  0/19       EV: 12    Int: 10    God:    Okawaru [******]
Gold:   419        SH:  0    Dex: 14    Spells: 13/13 levels left

rFire   + . .      SeeInvis +   Z - +12 battleaxe "Miurhogey" {drain, Int+5}
rCold   . . .      Faith    .   (shield currently unavailable)
rNeg    . . .      Spirit   +   P - +1 scale mail {rPois}
rPois   +          Reflect  .   R - +0 mask of the Dragon {Will+ Slay+3 SInv}
rElec   .          Harm     .   (no cloak)
rCorr   .          Rampage  .   j - +2 pair of gloves
Will    ++...                   O - +0 pair of boots of the Volcano {Str+3}
Stlth   +.........              N - amulet of guardian spirit
HPRegen 0.33/turn               W - ring of the Six Seas {AC+4 Stlth+}
MPRegen 0.16/turn               H - ring of protection from fire

@: studying Throwing
A: horns 2, retaliatory headbutt
a: Renounce Religion, Heroism, Finesse, Duel


You were on level 14 of the Dungeon.
You worshipped Okawaru.
Okawaru was exalted by your worship.
You visited 3 branches of the dungeon, and saw 20 of its levels.
You also visited: Ossuary and Bailey.

You collected 1514 gold pieces.
You spent 1095 gold pieces at shops.

Inventory:

Hand Weapons
 a - a +2 war axe of venom
 b - a +2 war axe of flaming
 r - a +2 executioner's axe of distortion
 w - a +1 whip of electrocution
 Z - the +12 battleaxe "Miurhogey" (weapon) {drain, Int+5}
   (Okawaru gifted it to you on level 5 of the Lair of Beasts)

   A truly terrible weapon, it drains the life of any living foe it strikes.
   Int:       It affects your intelligence (+5).
Missiles
 d - 2 throwing nets
 h - 4 boomerangs
 z - 42 javelins (quivered)
 A - 2 silver boomerangs
 I - 8 atropa-tipped darts
 J - 9 poisoned darts
 M - 4 curare-tipped darts
 S - 7 silver javelins
 U - 5 boomerangs of dispersal
Armour
 j - a +2 pair of gloves (worn)
 O - the +0 pair of boots of the Volcano (worn) {Str+3}
   (Okawaru gifted it to you on level 2 of the Lair of Beasts)

   Str:       It affects your strength (+3).
 P - a +1 scale mail of poison resistance (worn)
 R - the +0 mask of the Dragon (worn) {Will+ Slay+3 SInv}
   (You bought it in a shop on level 3 of the Dungeon)

   Slay:      It affects your accuracy & damage with ranged weapons and melee
   (+3).
   SInv:      It lets you see invisible.
   Will:      It increases your willpower.
Jewellery
 c - a ring of flight
 m - a ring of willpower
 E - a ring of see invisible
 H - a ring of protection from fire (right hand)
 N - an amulet of guardian spirit (around neck)
 T - a ring of ice
 W - the ring of the Six Seas (left hand) {AC+4 Stlth+}
   (You found it on level 12 of the Dungeon)

   [ring of protection]

   AC:        It affects your AC (+4).
   Stlth:     It makes you more stealthy.
Wands
 e - a wand of flame (50)
 k - a wand of paralysis (25)
 K - a wand of light (4)
 V - a wand of roots (10)
 Y - a wand of polymorph (11)
Scrolls
 f - 5 scrolls of magic mapping
 g - 7 scrolls of teleportation
 l - 5 scrolls of poison
 n - 3 scrolls of fog
 s - 4 scrolls of vulnerability
 t - 4 scrolls of identify
 y - 6 scrolls of immolation
 C - 3 scrolls of fear
 D - 3 scrolls of enchant armour
 L - 5 scrolls of enchant weapon
 X - 2 scrolls of silence
Potions
 i - 8 potions of haste
 o - 3 potions of brilliance
 p - 3 potions of heal wounds
 q - 5 potions of cancellation
 u - 2 potions of magic
 v - 2 potions of resistance {unknown}
 x - 4 potions of mutation
 B - 10 potions of curing
 F - 4 potions of lignification
 G - a potion of flight {unknown}
 Q - 6 potions of might


   Skills:
 + Level 17.1 Fighting
 - Level 20.0 Axes
 + Level 13.9 Throwing
 - Level 9.0 Armour
 - Level 5.0 Dodging
 - Level 9.0 Invocations
 - Level 5.0 Evocations


You had 13 spell levels left.
You didn't know any spells.
Your spell library contained the following spells:

 Spells                   Type           Power      Damage    Failure   Level
 Sublimation of Blood     Necr           0%         N/A       75%         2
 Wereblood                Tmut           0%         N/A       75%         2
 Dazzling Flash           Conj/Hex       0%         N/A       93%         3
 Ozocubu's Armour         Ice            0%         N/A       93%         3
 Agony                    Necr           0%         N/A       100%        5
 Metabolic Englaciation   Hex/Ice        0%         N/A       100%        5
 Silence                  Hex/Air        0%         N/A       100%        5
 Conjure Ball Lightning   Conj/Air       0%         3x3d6     100%        6
 Discord                  Hex            0%         N/A       100%        8
 Disjunction              Tloc           0%         N/A       100%        8
 Simulacrum               Ice/Necr       Unusable   N/A       N/A         6
 Summon Hydra             Summ           Unusable   N/A       N/A         7

Dungeon Overview and Level Annotations

Branches:
Dungeon (14/15)            Temple (1/1) D:6            Lair (5/5) D:9
 Shoals (0/4) Lair:3       Spider (0/4) Lair:2        Slime (0/5) Lair:4
    Orc (0/2) D:9         Ossuary (visited)          Bailey (visited)
 Vaults: D:13-14

Altars:
Ashenzari
Cheibriados
Fedhas
Gozag
Hepliaklqana
Kikubaaqudgha
Makhleb
Nemelex Xobeh
Okawaru
Qazlal
Ru
Uskayaw
Vehumet
Wu Jian
Yredelemnul
Zin
The Shining One

Shops:
D:1 *   D:3 [   D:8 (

Annotations:
D:7 exclusions: downstairs and ice statue
D:8 2 transporters
D:12 exclusion: ice statue
D:13 exclusion: downstairs
Lair:1 3 runed translucent doors, freelancePsychic's ghost, journeyman TrCA
Lair:3 3 runed translucent doors, Strat's ghost, adept FoCA


Innate Abilities, Weirdness & Mutations

You have a pair of horns on your head.
You reflexively headbutt those who attack you in melee.


Message History

You are splashed with acid.
* * * LOW HITPOINT WARNING * * *
The brown ugly thing barely misses you.
You have finished your manual of Fighting and toss it away.
As you read the scroll of fear, it crumbles to dust.
You assume a fearsome visage.
The brown ugly thing looks frightened!
The brown ugly thing resists with some effort.
The brown ugly thing looks frightened! x2
The brown ugly thing stings you but does no damage.
Unknown command.
The brown ugly thing attacks as you move away!
The brown ugly thing stings you!
* * * LOW HITPOINT WARNING * * *
The acid corrodes you!
You are splashed with acid!
* * * LOW HITPOINT WARNING * * *
You see here a scroll of fear.
You barely miss the brown ugly thing.
The brown ugly thing is moderately wounded.
The brown ugly thing stings you!
* * * LOW HITPOINT WARNING * * *
You are splashed with acid.
* * * LOW HITPOINT WARNING * * *
You feel much better. The brown ugly thing stings you!
* * * LOW HITPOINT WARNING * * *
The acid corrodes you!
You are splashed with acid.
* * * LOW HITPOINT WARNING * * *
As you read the scroll of teleportation, it crumbles to dust.
You feel strangely unstable. The brown ugly thing stings you.
* * * LOW HITPOINT WARNING * * *
The acid corrodes you!
You are splashed with acid.
* * * LOW HITPOINT WARNING * * *
Unknown command.
You feel strangely stable.
Your magical effects are unravelling.
You feel magically purged.
You are no longer corroded.
The brown ugly thing stings you.
* * * LOW HITPOINT WARNING * * *
You are splashed with acid!
You die...

#.###.....## ....#.
####.....## ......
###.....## ......
.####'#######+#####......
.......................u.
.........................
###......................
##.............u.......
#............@†.......
#....÷................
#............#......##
#...........###....##
#..........## #...#
#<..........# .u.#
#............# ...u#
#............. ....
#............


You could see 4 ugly things.

Vanquished Creatures
  Kirke (Lair:4)
  A fire dragon (Lair:5)
  2 boulder beetles
  5 hydras
  4 two-headed ogres
  3 centaur warriors
  A death yak (Lair:4)
  3 tengu warriors (D:14)
  2 lindwurms (Lair:5)
  A harpy (shapeshifter) (D:13)
  2 cyclopes
  2 manticores
  7 ugly things (D:14)
  13 elephants
  12 black mambas
  2 torpor snails
  2 molten gargoyles (Lair:5)
  11 cane toads
  An unseen horror (D:12)
  A kobold demonologist (D:14)
  2 rime drakes
  2 tengu conjurers (D:13)
  14 komodo dragons
  6 trolls
  3 polar bears
  A hornet (D:10)
  3 meliai (D:14)
  7 blink frogs
  A dream sheep (Lair:4)
  A snapping turtle (Lair:3)
  3 jumping spiders (Lair:2)
  A culicivora (Lair:2)
  4 wraiths
  2 vampires
  A shadow (D:8)
  11 wyverns
  9 basilisks
  50 yaks
  3 hogs
  3 humans (Lair:5)
  3 redbacks (Lair:2)
  4 steam dragons
  7 vampire mosquitoes
  2 wargs (D:9)
  3 acid dragons
  5 hell hounds (Lair:5)
  8 water moccasins
  3 black bears
  A sky beast (D:3)
  16 orc warriors
  10 wolves
  2 ogres
  20 centaurs
  A phantom (D:5)
  A kobold brigand (D:7)
  11 bullfrogs
  2 gnoll sergeants
  A necrophage (D:6)
  8 scorpions
  3 water moccasin zombies (Ossuary)
  8 wights
  9 killer bees
  An electric eel (D:6)
  2 howler monkeys
  5 lava snakes (Lair:5)
  3 hounds
  2 jellies
  6 orc priests
  A gnoll bouda (D:6)
  6 iguanas
  Terence (D:2)
  12 orc wizards
  Natasha (thrice) (D:2)
  3 mummies
  22 gnolls
  8 adders
  A shadow imp (D:5)
  2 white imps (D:6)
  2 ufetubi (D:12)
  2 adder zombies (Ossuary)
  2 worms (D:2)
  A dart slug (D:3)
  67 orcs
  3 bats
  9 endoplasms
  4 giant cockroaches
  3 gnoll zombies (Ossuary)
  10 goblins
  7 hobgoblins
  5 quokkas
  10 ball pythons
  4 hobgoblin zombies (Ossuary)
  11 kobolds
  4 kobold zombies (Ossuary)
  9 orc zombies (Ossuary)
  24 rats
586 creatures vanquished.

Vanquished Creatures (others)
  A wyvern (Lair:5)
  A bush (Lair:5)
  31 fungi
  32 plants
65 creatures vanquished.

Grand Total: 651 creatures vanquished

Notes
Turn   | Place    | Note
-------+----------+-------------------------------------------
     0 | D:1      | ragingrage the Minotaur Gladiator began the quest for the
                  | Orb.
     0 | D:1      | Reached XP level 1. HP: 18/18 MP: 0/0
   129 | D:1      | Found Keosch's General Store.
   135 | D:1      | Reached skill level 4 in Axes
   257 | D:1      | Reached XP level 2. HP: 25/25 MP: 1/1
   666 | D:1      | Found a faded altar of an unknown god.
   827 | D:2      | Reached skill level 5 in Axes
   843 | D:2      | Reached XP level 3. HP: 30/30 MP: 2/2
  1403 | D:2      | Noticed Terence
  1416 | D:2      | Killed Terence
  1417 | D:2      | Reached skill level 6 in Axes
  1417 | D:2      | Reached XP level 4. HP: 32/37 MP: 3/3
  1459 | D:2      | Noticed Natasha
  1464 | D:2      | Killed Natasha
  1594 | D:3      | Found Abbiop's Armour Emporium.
  1728 | D:3      | Found a hazy altar of Hepliaklqana.
  1957 | D:3      | Noticed a sky beast
  1970 | D:3      | Killed a sky beast
  1971 | D:3      | Reached skill level 7 in Axes
  1971 | D:3      | Reached XP level 5. HP: 27/42 MP: 4/4
  2143 | D:2      | Noticed Natasha
  2151 | D:2      | Killed Natasha
  2152 | D:2      | Reached skill level 8 in Axes
  2210 | D:2      | Noticed Natasha
  2217 | D:2      | Killed Natasha
  2218 | D:2      | Reached XP level 6. HP: 38/50 MP: 5/5
  2407 | D:3      | Found a blossoming altar of Fedhas.
  2407 | D:3      | Found a broken altar of Ashenzari.
  2407 | D:3      | Found an ornate altar of the Wu Jian Council.
  2753 | D:4      | Found a snail-covered altar of Cheibriados.
  2831 | D:4      | Reached skill level 9 in Axes
  3308 | D:4      | Reached XP level 7. HP: 56/56 MP: 6/6
  3468 | D:4      | Reached skill level 10 in Axes
  3958 | D:5      | Entered Level 5 of the Dungeon
  4002 | D:5      | Found a basalt altar of Yredelemnul.
  4208 | D:5      | Reached skill level 11 in Axes
  4819 | D:5      | Reached XP level 8. HP: 60/62 MP: 7/7
  4898 | D:5      | Reached skill level 12 in Axes
  5067 | D:5      | Found a sparkling altar of Nemelex Xobeh.
  5260 | D:6      | Found a staircase to the Ecumenical Temple.
  5339 | Temple   | Entered the Ecumenical Temple
  5363 | Temple   | Became a worshipper of Warmaster Okawaru
  5401 | D:6      | Found a sand-covered staircase.
  5408 | Ossuary  | Entered an ossuary
  5580 | Ossuary  | Reached skill level 13 in Axes
  5705 | D:6      | Found a stormy altar of Qazlal.
  5938 | D:6      | Reached * piety under Okawaru
  5939 | D:6      | Reached skill level 14 in Axes
  6233 | D:6      | Reached XP level 9. HP: 48/68 MP: 8/8
  6513 | D:6      | Found an opulent altar of Gozag.
  6513 | D:6      | Found a glowing golden altar of the Shining One.
  6729 | D:7      | Found a burning altar of Makhleb.
  6752 | D:7      | Reached ** piety under Okawaru
  6753 | D:7      | Reached skill level 15 in Axes
  6767 | D:7      | Found a glowing silver altar of Zin.
  6767 | D:7      | Noticed a balrug
  6767 | D:7      | Noticed an angel
  7274 | D:7      | Noticed an ice statue
  7383 | D:8      | Found Lyitim's Weapon Shop.
  7493 | D:3      | Bought the +0 mask of the Dragon {Will+ Slay+3 SInv} for
                  | 367 gold pieces
  7493 | D:3      | Found the +0 mask of the Dragon {Will+ Slay+3 SInv}
  7566 | D:1      | Bought a potion of might for 52 gold pieces
  7896 | D:8      | Found a hide-covered altar of Uskayaw.
  7921 | D:8      | Reached skill level 16 in Axes
  7926 | D:8      | Reached skill level 1 in Armour
  7927 | D:8      | Reached *** piety under Okawaru
  7928 | D:8      | Reached skill level 1 in Invocations
  7928 | D:8      | Reached skill level 1 in Evocations
  7941 | D:8      | Reached XP level 10. HP: 23/77 MP: 8/10
  7947 | D:8      | Reached **** piety under Okawaru
  8668 | D:8      | Noticed a purple ugly thing
  8669 | D:8      | Noticed a cyclops
  8687 | D:8      | Noticed a centaur warrior
  9105 | D:8      | Found a transporter.
  9139 | D:8      | Found a transporter.
  9333 | D:9      | Found a flagged portal.
  9502 | D:8      | Reached skill level 5 in Fighting
  9678 | Bailey   | Entered a bailey
 10832 | Bailey   | Received a gift from Okawaru
 10868 | Bailey   | Reached skill level 5 in Armour
 11523 | Bailey   | Reached ***** piety under Okawaru
 11524 | Bailey   | Reached skill level 5 in Throwing
 11524 | Bailey   | Reached XP level 11. HP: 53/89 MP: 13/13
 12379 | D:9      | Found a staircase to the Lair.
 12907 | D:9      | Found a staircase to the Orcish Mines.
 12917 | D:9      | Received a gift from Okawaru
 13070 | D:9      | Noticed Psyche
 13071 | D:9      | Noticed Psyche
 13071 | D:9      | Psyche changed into Psyche the hog
 13078 | D:9      | Killed Psyche the hog
 13167 | D:10     | Entered Level 10 of the Dungeon
 13176 | D:10     | Reached skill level 5 in Invocations
 13298 | D:10     | Received a gift from Okawaru
 13380 | D:10     | Noticed a two-headed ogre
 13392 | D:10     | Killed a two-headed ogre
 13505 | D:10     | Found a sacrificial altar of Ru.
 13891 | D:11     | Reached skill level 5 in Evocations
 13892 | D:11     | Received a gift from Okawaru
 13991 | D:11     | Noticed a two-headed ogre
 13997 | D:11     | Killed a two-headed ogre
 14118 | D:11     | Found a snail-covered altar of Cheibriados.
 14153 | D:11     | Received a gift from Okawaru
 14331 | D:11     | Noticed a two-headed ogre
 14350 | D:11     | Killed a two-headed ogre
 14675 | D:11     | Reached skill level 10 in Fighting
 15450 | D:12     | Reached XP level 12. HP: 87/106 MP: 14/16
 15540 | D:12     | Found the +12 pair of quick blades "Gyre" and "Gimble"
                  | {protect}
 15669 | D:12     | Identified the ring of the Six Seas {AC+4 Stlth+}
 16270 | D:13     | Noticed a centaur warrior
 16406 | D:13     | Killed a centaur warrior
 16577 | D:13     | Received a gift from Okawaru
 16725 | D:13     | Reached skill level 5 in Dodging
 16878 | D:13     | Noticed a centaur warrior
 16883 | D:13     | Killed a centaur warrior
 16883 | D:13     | Received a gift from Okawaru
 17056 | D:13     | Noticed a seven-headed hydra
 17344 | D:13     | Killed a four-headed hydra
 17344 | D:13     | Identified the +1 battleaxe "Jejying" {venom, Fly rF+
                  | Dex-3} (Okawaru gifted it to you on level 13 of the
                  | Dungeon)
 17344 | D:13     | Received a gift from Okawaru
 17692 | D:14     | Noticed a tengu warrior
 17692 | D:14     | Noticed a tengu warrior
 17830 | D:14     | Noticed a tengu warrior
 17847 | D:14     | Killed a tengu warrior
 18108 | D:14     | Noticed a centaur warrior
 18119 | D:14     | Killed a centaur warrior
 18195 | D:14     | Noticed a two-headed ogre
 18210 | D:14     | Killed a two-headed ogre
 18211 | D:14     | Reached ****** piety under Okawaru
 18447 | D:14     | Killed a tengu warrior
 18464 | D:14     | Killed a tengu warrior
 18698 | D:14     | Received a gift from Okawaru
 18821 | Lair:1   | Entered Level 1 of the Lair of Beasts
 18828 | Lair:1   | Found a runed translucent gate.
 18829 | Lair:1   | Found a runed translucent gate.
 18838 | Lair:1   | Found a runed translucent gate.
 18840 | Lair:1   | Noticed freelancePsychic's ghost (journeyman TrCA)
 18841 | Lair:1   | Noticed a minotaur
 19054 | D:1      | Bought a scroll of acquirement for 676 gold pieces
 19054 | D:1      | Acquired a manual of Throwing
 19312 | Lair:1   | Noticed an eight-headed hydra
 19800 | Lair:2   | Identified the +0 pair of boots of the Volcano {Str+3}
                  | (Okawaru gifted it to you on level 2 of the Lair of Beasts)
 19800 | Lair:2   | Received a gift from Okawaru
 19804 | Lair:2   | Reached skill level 17 in Axes
 19909 | Lair:2   | Reached XP level 13. HP: 122/122 MP: 18/18
 20356 | Lair:2   | Found a hole to the Spider Nest.
 22051 | Lair:3   | Reached skill level 10 in Throwing
 22197 | Lair:3   | Reached skill level 15 in Fighting
 22226 | Lair:3   | Found a runed translucent gate.
 22226 | Lair:3   | Found a runed translucent gate.
 22226 | Lair:3   | Found a runed translucent gate.
 22414 | Lair:3   | Found a staircase to the Shoals.
 22587 | Lair:3   | Noticed Strat's ghost (adept FoCA)
 23063 | Lair:4   | Found a staircase to the Slime Pits.
 23181 | Lair:4   | Reached skill level 18 in Axes
 23185 | Lair:4   | Received a gift from Okawaru
 24228 | Lair:4   | Received a gift from Okawaru
 24679 | Lair:5   | Entered Level 5 of the Lair of Beasts
 24690 | Lair:5   | Reached skill level 19 in Axes
 24690 | Lair:5   | Noticed Kirke
 24863 | Lair:5   | Reached XP level 14. HP: 109/135 MP: 14/19
 24867 | Lair:5   | Noticed a sphinx
 25079 | Lair:4   | Killed Kirke
 25882 | Lair:5   | Reached skill level 20 in Axes
 26125 | Lair:5   | Found a large runed translucent door.
 26148 | Lair:5   | Received a gift from Okawaru
 26380 | Lair:5   | Found a large runed translucent door.
 26682 | Lair:5   | Received a gift from Okawaru
 26766 | Lair:5   | Received a gift from Okawaru
 27844 | Lair:5   | Identified the +12 battleaxe "Miurhogey" {drain, Int+5}
                  | (Okawaru gifted it to you on level 5 of the Lair of Beasts)
 27844 | Lair:5   | Received a gift from Okawaru
 28196 | D:14     | HP: 7/140 [acid (5)]
 28199 | D:14     | Splashed by a brown ugly thing's acid

Illustrated notes

Levels and vault maps discovered:
D:1:      tarquinn_simple_flora_water_f, layout_basic,
          ebering_ecumenical_altar_mist, serial_shops, nicolae_square_shop
D:2:      layout_basic, uniq_terence, uniq_natasha
D:3:      layout_loops_ring, lemuel_tele_altar, minitemple, serial_shops,
          nicolae_shop_advertising_works [nicolae_subvault_shop_adworks],
          kennysheep_nub
D:4:      layout_basic, mainiacjoe_overflow_boulevard, minmay_rat_hole
D:5:      layout_loops_ring, nemelex_diamond_rough_becter,
          mainiacjoe_overflow_catwalk
D:6:      layout_cave_pools, mainiacjoe_overflow_brackets,
          nicolae_overflow_two_pavilions, minmay_temple_entry_statues,
          chequers_ossuary_entry_cave, minmay_checkerbox
D:7:      lemuel_ice_statue, layout_rooms,
          grunt_temple_overflow_order_and_chaos_2
D:8:      gammafunk_the_bubble [the_bubble_gammafunk_plus_minus],
          layout_cave_pods, overflow_temple_1_default, serial_shops, shop
D:9:      layout_roguey, dpeg_oklobed_lair, david_orc_3, enter_bailey_5,
          uniq_psyche
D:10:     layout_rooms, nicolae_ru_sacrificial_ziggurat, serial_aquarium,
          aquarium_bridge_square [aquarium_subvault_wall,
          aquarium_subvault_bridge, aquarium_subvault_window,
          aquarium_subvault_wall], aquarium_bridge_long_separate
          [aquarium_subvault_bridge, aquarium_subvault_bridge,
          aquarium_subvault_bridge, aquarium_subvault_bridge,
          aquarium_subvault_wall, aquarium_subvault_wall], aquarium_window_fake,
          aquarium_window_fake, aquarium_window_1, aquarium_window_fake,
          aquarium_view_2b, aquarium_view_2a, aquarium_balcony_double_1
D:11:     layout_loops_ring, slow_altar_1
D:12:     cheibrodos_frozen_isle, layout_loops_ring, minivault_4
D:13:     layout_rooms, kennysheep_cluttered_room
D:14:     layout_big_octagon, david_vaults_1, yredelemnul_altar_generic,
          serial_shops, kennysheep_little_box, small_statue_intersection,
          minmay_quadrilaterals
Temple:   nicolae_temple_godpark
Lair:1:   layout_chaotic_city, maelrawn_ghost_gauntlet_escape
Lair:2:   layout_regular_city, nicolae_spider_entry_tight_spaces,
          beast_lair_carwin_3
Lair:3:   layout_cave_pods, minmay_shoals_entry_hut, gammafunk_ghost_necromancy
Lair:4:   nzn_winding_woodlands_medium [nzn_winding_woodlands_5x5_cross,
          nzn_winding_woodlands_5x15_crooked, nzn_winding_woodlands_5x5_default,
          nzn_winding_woodlands_5x5_three, nzn_winding_woodlands_center_lodge,
          nzn_winding_woodlands_5x5_closed_star,
          nzn_winding_woodlands_5x5_default, nzn_winding_woodlands_5x15_jagged,
          nzn_winding_woodlands_5x5_open_star], layout_long_grid,
          nicolae_slime_entry_slimehenge, small_statue_intersection
Lair:5:   cheibrodos_lair_end_hotspot, layout_cave_shapes, ldierk_geyser,
          dreamdust_mushroom_princess, minivault_26, uniq_kirke

Skill      XL: |  1  2  3  4  5  6  7  8  9 10 11 12 13 14 |
---------------+-------------------------------------------+-----
Axes           | 4 5 6 7 8 9 11 14 16 17 19 20 | 20.0
Armour         | 2 5 8 9 |  9.0
Fighting       | 3 5 10 13 15 17 | 17.1
Invocations    | 2 4 6 8 9 |  9.0
Evocations     | 1 4 5 |  5.0
Throwing       | 3 5 6 8 12 13 | 13.9
Dodging        | 4 5 |  5.0

Action                   |  1- 3 |  4- 6 |  7- 9 | 10-12 | 13-15 || total
-------------------------+-------+-------+-------+-------+-------++-------
Melee: War axe           |    55 |    93 |   327 |   491 |   517 ||  1483
       Headbutt          |     9 |    19 |    68 |   117 |   143 ||   356
       Punch             |       |     1 |     6 |     3 |    12 ||    22
       Battleaxe         |       |       |       |       |    12 ||    12
       Unarmed           |       |       |       |       |     9 ||     9
Throw: Javelin           |       |     1 |     1 |     3 |     9 ||    14
       Boomerang         |       |       |     3 |    79 |       ||    82
       Dart              |       |       |       |    11 |     2 ||    13
       Throwing net      |       |       |       |     2 |       ||     2
Invok: Finesse           |       |       |       |     1 |     1 ||     2
Evoke: Wand              |       |       |     1 |    17 |     2 ||    20
  Use: Scroll            |       |       |     4 |    15 |     4 ||    23
       Potion            |       |       |     2 |     1 |     3 ||     6
 Stab: Paralysed         |       |       |       |     3 |       ||     3
Armor: Plate armour      |    28 |    50 |   168 |   328 |   188 ||   762
       Scale mail        |       |       |       |       |    77 ||    77
Dodge: Dodged            |    27 |    27 |    81 |   246 |   221 ||   602
